 Dungeon Crawl Stone Soup version 0.26.1-11-gd32895ea62 (webtiles) character file.

Game seed: 17640222037866336694

961 Arsuriii the Cudgeller (level 8, -6/48 HPs)
             Began as a Gargoyle Fighter on Apr 17, 2021.
             Mangled by an ogre
             ... wielding a +0 giant club
              (15 damage)
             ... on level 5 of the Dungeon.
             The game lasted 00:30:29 (3905 turns).

Arsuriii the Cudgeller (Gargoyle Fighter)           Turns: 3905, Time: 00:30:30

Health: -6/48      AC: 16    Str: 20 (21) XL:     8   Next: 15%
Magic:  8/8        EV:  6    Int: 10      God:
Gold:   307        SH:  9    Dex:  7 (9)  Spells: 7/7 levels left

rFire    + . .     SeeInvis .   w - +0 flail
rCold    + + .     Faith    .   c - +0 kite shield
rNeg     + . .     Spirit   .   t - +0 chain mail
rPois    ∞         Reflect  .   (no helmet)
rElec    +         Harm     .   (no cloak)
rCorr    +         Rampage  .   (no gloves)
Will     .....                  f - +0 pair of boots
Stlth    ..........             (no amulet)
HPRegen  0.16/turn              j - ring of attention (curse)
MPRegen  0.11/turn              r - ring of protection from cold

@: resistant
A: negative energy resistance 1, electricity resistance, unbreathing,
petrification resistance, miasma immunity, AC +5
a: no special abilities


You were on level 5 of the Dungeon.
You visited 1 branch of the dungeon, and saw 5 of its levels.

You collected 307 gold pieces.

Inventory:

Hand Weapons
 a - a +0 flail
 k - a cursed -3 giant spiked club
 w - a +0 flail (weapon)
Armour
 c - a +0 kite shield (worn)
 f - a +0 pair of boots (worn)
 t - a +0 chain mail (worn)
Jewellery
 j - a cursed ring of attention (left hand)
 r - a ring of protection from cold (right hand)
Wands
 g - a wand of iceblast (4)
 q - a wand of random effects (39) (quivered)
Scrolls
 e - a scroll of enchant armour {unknown}
 h - 7 scrolls of identify {unknown}
 l - 2 scrolls of remove curse {unknown}
 m - a scroll of blinking {unknown}
 n - 2 scrolls of amnesia {unknown}
 o - a scroll of noise {unknown}
 s - 2 scrolls of fear {unknown}
Potions
 b - a potion of flight {unknown}
 d - 2 potions of might
 i - a potion of lignification {unknown}
 p - a potion of haste {unknown}
 u - a potion of degeneration


   Skills:
 + Level 4.8 Fighting
 + Level 5.7 Maces & Flails
 + Level 5.3 Armour
 + Level 2.3 Dodging
 + Level 0.5 Stealth
 + Level 5.5 Shields


You had 7 spell levels left.
You didn't know any spells.
Your spell library was empty.

Dungeon Overview and Level Annotations

Branches:
Dungeon (5/15)
 Temple: D:4-7

Altars:
Elyvilon
Fedhas
Wu Jian
Xom


Innate Abilities, Weirdness & Mutations

You are resistant to torment.
Your stone body is resilient. (AC +5)
You are immune to poison.
You resist negative energy. (rN+)
You are resistant to electric shocks. (rElec)
You can survive without breathing.
You are immune to petrification.
You are immune to miasma.


Message History

You barely miss the adder. The adder bites you but does no damage.
You thump the adder!
The adder is almost dead.
The adder bites you but does no damage. x2
You sock the adder!
You kill the adder!
You block the ogre's attack.
You barely miss the ogre.
The ogre is moderately wounded.
You block the ogre's attack.
You hit the ogre but do no damage.
The ogre is moderately wounded.
You block the ogre's attack.
Your shield prevents you from hitting the ogre.
The ogre is moderately wounded.
The ogre hits you but does no damage.
You hit the ogre.
The ogre is heavily wounded.
The ogre hits you with a +0 giant club!
You die...

######### ........#
....###.# .#.####.#
......#.# ###.#...######
.....#.......##### .#.
.####..#####.#.O=# .#.
.#.........#.#.#@# ...
##....####.###.### ..
....#.##(#..#...# #.##
###...##.#..#.P.# ...#.
....#.##....#...#
#########.....
...........<##.##
#.............
..#.#######.##.#
#....####.....
#.....#####.##.## #####.###
..#+#
......#...###...###...#...+
...>


You could see an ogre.

Vanquished Creatures
  Menkaure (D:4)
  An ice beast (D:5)
  A centaur (D:5)
  2 ogres
  A scorpion (D:4)
  A hound (D:5)
  Natasha (twice) (D:3)
  Terence (D:3)
  3 orc wizards (D:4)
  3 worker ants (D:5)
  Robin (D:3)
  5 adders
  5 gnolls
  A white imp (D:5)
  An ufetubus (D:5)
  2 oozes
  3 worms
  A dart slug (D:2)
  A leopard gecko (D:3)
  6 orcs (D:4)
  2 giant cockroaches
  7 goblins
  8 hobgoblins
  5 jackals
  4 kobolds
  2 quokkas (D:2)
  3 bats
  A frilled lizard (D:1)
  4 rats
78 creatures vanquished.

Vanquished Creatures (others)
  6 plants
6 creatures vanquished.

Grand Total: 84 creatures vanquished

Notes
Turn   | Place    | Note
-------+----------+-------------------------------------------
     0 | D:1      | Arsuriii the Gargoyle Fighter began the quest for the Orb.
     0 | D:1      | Reached XP level 1. HP: 14/14 MP: 1/1
   450 | D:1      | Reached XP level 2. HP: 19/19 MP: 2/2
  1081 | D:2      | Reached XP level 3. HP: 23/23 MP: 3/3
  1275 | D:2      | Reached XP level 4. HP: 24/29 MP: 4/4
  1403 | D:3      | Noticed Robin
  1409 | D:3      | Killed Robin
  1580 | D:3      | Noticed Terence
  1604 | D:3      | Killed Terence
  1605 | D:3      | Reached skill level 1 in Dodging
  1605 | D:3      | Reached XP level 5. HP: 20/33 MP: 5/5
  1937 | D:3      | Found an ornate altar of the Wu Jian Council.
  1945 | D:3      | Noticed a spectral centipede
  1945 | D:3      | Noticed a spectral black mamba
  1945 | D:3      | Noticed a spectral cane toad
  1971 | D:3      | Noticed an ogre
  1979 | D:3      | Killed an ogre
  2023 | D:3      | Noticed Natasha
  2036 | D:3      | Killed Natasha
  2037 | D:3      | Reached XP level 6. HP: 15/38 MP: 6/6
  2293 | D:3      | Noticed Natasha
  2307 | D:3      | Killed Natasha
  2537 | D:4      | You fall into a shaft and drop 1 floor!
  2537 | D:5      | Entered Level 5 of the Dungeon
  2579 | D:5      | Noticed an ice beast
  2593 | D:5      | Killed an ice beast
  2683 | D:5      | Reached XP level 7. HP: 13/43 MP: 7/7
  2910 | D:4      | Found a shimmering altar of Xom.
  3039 | D:4      | Noticed Menkaure
  3050 | D:4      | Killed Menkaure
  3051 | D:4      | Reached skill level 5 in Armour
  3051 | D:4      | Reached skill level 5 in Shields
  3320 | D:4      | Found a blossoming altar of Fedhas.
  3336 | D:4      | Reached skill level 5 in Maces & Flails
  3758 | D:5      | Found a white marble altar of Elyvilon.
  3775 | D:5      | Reached XP level 8. HP: 48/48 MP: 8/8
  3864 | D:5      | HP: 2/48 [ogre/+0 giant club (12)]
  3905 | D:5      | Mangled by an ogre

Illustrated notes

Levels and vault maps discovered:
D:1:      dpeg_arrival_three_same_balls, layout_loops_cross
D:2:      layout_rooms, minmay_misc_feat_encased,
          nicolae_gozag_cash_rules_everything_around_me
D:3:      layout_loops_ring, pdpol_wu_jian_five_deadly_venoms, fountainhead,
          uniq_robin, uniq_natasha, uniq_terence
D:4:      layout_basic, fedhas_altar_1, nicolae_overflow_hidden_temple,
          uniq_menkaure
D:5:      layout_basic, elyvilon_altar_1, serial_shops, nicolae_shop_trees

Skill      XL: |  1  2  3  4  5  6  7 |
---------------+----------------------+-----
Maces & Flails | 3 4 5 |  5.7
Shields        | 4 5 |  5.5
Dodging        | 1 2 |  2.3
Fighting       | 4 |  4.8
Armour         | 4 5 |  5.3
Stealth        | |  0.5

Action                   |  1- 3 |  4- 6 |  7- 9 || total
-------------------------+-------+-------+-------++-------
Melee: Flail             |   104 |   231 |   123 ||   458
  Use: Potion            |       |     3 |     4 ||     7
       Scroll            |       |       |     1 ||     1
 Stab: Distracted        |       |     1 |       ||     1
Armor: Scale mail        |    86 |   121 |    12 ||   219
       Chain mail        |       |       |    58 ||    58
Dodge: Dodged            |    65 |    72 |    41 ||   178
Block: Kite shield       |    71 |   105 |    59 ||   235
